 Dungeon Crawl Stone Soup version 0.22-a0-369-gc73351f (webtiles) character file.

224 Megalobster the Vexing (level 6, -1/47 HPs)
             Began as a Gnoll Arcane Marksman on Apr 25, 2018.
             Killed from afar by an orc wizard (9 damage)
             ... with a magic dart
             ... on level 4 of the Dungeon.
             The game lasted 00:10:17 (4091 turns).

Megalobster the Vexing (Gnoll Arcane Marksman)      Turns: 4091, Time: 00:10:17

Health: -1/47      AC:  2    Str: 13    XL:     6   Next: 0%
Magic:  10/10      EV: 14    Int: 16    God:
Gold:   79         SH:  4    Dex: 16    Spells: 5/11 levels left

rFire    . . .     SeeInvis .   n - +1 whip (vamp)
rCold    . . .     Gourm    .   k - +0 buckler (curse)
rNeg     . . .     Faith    .   p - +0 robe (curse)
rPois    .         Spirit   .   (no helmet)
rElec    .         Reflect  .   (no cloak)
rCorr    .         Harm     .   (no gloves)
MR       .....                  (no boots)
Stlth    ++........             (no amulet)
HPRegen  0.15/turn              (no ring)
MPRegen  0.12/turn              (no ring)

@: no status effects
A: distributed training, fangs 1, strong nose
a: no special abilities


You were on level 4 of the Dungeon.
You were not hungry.

You visited 1 branch of the dungeon, and saw 4 of its levels.

You collected 79 gold pieces.

Inventory:

Hand Weapons
 a - a +0 hunting sling
 b - a +0 dagger of protection
 g - a +0 whip
 n - a +1 vampiric whip (weapon)
 o - a +0 dagger
 q - a +0 long sword
 s - a +1 hand axe of chopping
 x - a +1 dagger of speed
Missiles
 d - 15 sling bullets
 i - 29 stones (quivered)
Armour
 e - a +0 robe
 k - a cursed +0 buckler (worn)
 p - a cursed +0 robe (worn)
 v - a +0 ring mail
 y - a +0 scale mail
Magical Staves
 r - a cursed staff of fire {unknown}
Scrolls
 c - a scroll of enchant armour
 j - 2 scrolls of magic mapping
 m - 2 scrolls of identify {@r1}
Potions
 l - 2 potions of curing {@q1}
 t - 2 potions of berserk rage {unknown}
 z - a potion of flight {unknown}
Comestibles
 f - 4 rations
 h - 5 chunks of flesh


   Skills:
 + Level 3.1 Fighting
 + Level 1.6 Short Blades
 + Level 1.6 Long Blades
 + Level 1.6 Axes
 + Level 1.6 Maces & Flails
 + Level 1.6 Polearms
 + Level 1.6 Staves
 + Level 4.8 Slings
 + Level 1.6 Bows
 + Level 1.6 Crossbows
 + Level 1.6 Throwing
 + Level 1.6 Armour
 + Level 4.8 Dodging
 + Level 1.6 Stealth
 + Level 1.6 Shields
 + Level 1.6 Unarmed Combat
 + Level 3.2 Spellcasting
 + Level 1.3 Conjurations
 + Level 5.6 Hexes
 + Level 1.3 Charms
 + Level 1.3 Summonings
 + Level 1.3 Necromancy
 + Level 1.3 Translocations
 + Level 1.3 Transmutations
 + Level 1.3 Fire Magic
 + Level 1.3 Ice Magic
 + Level 1.3 Air Magic
 + Level 1.3 Earth Magic
 + Level 1.3 Poison Magic
 + Level 1.9 Invocations
 + Level 1.6 Evocations


You had 5 spell levels left.
You knew the following spells:

 Your Spells              Type           Power        Failure   Level  Hunger
a - Corona                Hex            ###....      2%          1    None
b - Slow                  Hex            ###.....     3%          2    ##.....
c - Inner Flame           Hex/Fire       ##......     17%         3    ###....


Dungeon Overview and Level Annotations

Branches:
Dungeon (4/15)
 Temple: D:4-7

Altars:

Annotations:
D:3 Totori's ghost, amateur KoCj


Innate Abilities, Weirdness & Mutations

Your experience applies equally to all skills.
You have very sharp teeth.
Your uncanny sense of smell can sniff out nearby items.


Message History

The orc wizard blinks!
The orc priest barely misses you.
You hit the orc priest. Your bite misses the orc priest.
The orc priest is almost dead.
The orc wizard points at you and mumbles some strange words.
The magic dart hits you!
* * * LOW HITPOINT WARNING * * *
You block the orc priest's attack.
You take 3 damage, and have 7/41 hp.
You closely miss the orc priest.
The orc priest is almost dead.
You block the orc priest's attack.
You hit the orc priest.
You kill the orc priest!
You have reached level 6!
Your experience leads to an increase in your attributes!
Increase (S)trength, (I)ntelligence, or (D)exterity?
You feel stronger. The orc wizard casts a spell at you.
The magic dart hits you!
You die...

#.. #.# ####..
..##.#
#####.##.. โˆ†
..##.##o#
#.##.##)#
##.##.##@##
#......?o.#
#.#######......
#.# .#####
###.# .. #...#
โˆ†โˆ† ...
#.#.# ..!
#######.#.#
#...
....รท...#.#


You could see an orc wizard and an orc.

Vanquished Creatures
  A hound (D:4)
  An orc priest (D:4)
  A gnoll (D:1)
  7 adders
  An ooze (D:2)
  3 worms
  2 dart slugs
  4 leopard geckos
  An orc (D:3)
  A ball python (D:1)
  10 bats
  A giant cockroach (D:2)
  7 goblins
  8 hobgoblins
  2 jackals (D:4)
  10 frilled lizards
  7 kobolds
  10 rats
77 creatures vanquished.

Notes
Turn   | Place    | Note
-------+----------+-------------------------------------------
     0 | D:1      | Megalobster the Gnoll Arcane Marksman began the quest for the Orb.
     0 | D:1      | Reached XP level 1. HP: 17/17 MP: 4/4
    37 | D:1      | Reached XP level 2. HP: 18/23 MP: 5/5
   436 | D:1      | Reached XP level 3. HP: 28/28 MP: 7/7
   859 | D:1      | Reached skill level 1 in Invocations
  1341 | D:2      | Reached skill level 1 in Short Blades
  1341 | D:2      | Reached skill level 1 in Long Blades
  1341 | D:2      | Reached skill level 1 in Axes
  1341 | D:2      | Reached skill level 1 in Maces & Flails
  1341 | D:2      | Reached skill level 1 in Polearms
  1341 | D:2      | Reached skill level 1 in Staves
  1341 | D:2      | Reached skill level 1 in Bows
  1341 | D:2      | Reached skill level 1 in Crossbows
  1341 | D:2      | Reached skill level 1 in Throwing
  1341 | D:2      | Reached skill level 1 in Armour
  1341 | D:2      | Reached skill level 1 in Stealth
  1341 | D:2      | Reached skill level 1 in Shields
  1341 | D:2      | Reached skill level 1 in Unarmed Combat
  1341 | D:2      | Reached skill level 1 in Evocations
  1399 | D:2      | Reached XP level 4. HP: 9/34 MP: 8/8
  1956 | D:2      | Reached skill level 1 in Conjurations
  1956 | D:2      | Reached skill level 1 in Charms
  1956 | D:2      | Reached skill level 1 in Summonings
  1956 | D:2      | Reached skill level 1 in Necromancy
  1956 | D:2      | Reached skill level 1 in Translocations
  1956 | D:2      | Reached skill level 1 in Transmutations
  1956 | D:2      | Reached skill level 1 in Fire Magic
  1956 | D:2      | Reached skill level 1 in Ice Magic
  1956 | D:2      | Reached skill level 1 in Air Magic
  1956 | D:2      | Reached skill level 1 in Earth Magic
  1956 | D:2      | Reached skill level 1 in Poison Magic
  2361 | D:2      | Reached XP level 5. HP: 31/40 MP: 9/9
  2708 | D:2      | Learned a level 2 spell: Slow
  2712 | D:2      | Learned a level 3 spell: Inner Flame
  3151 | D:3      | Noticed Totori's ghost (amateur KoCj)
  3558 | D:4      | HP: 2/40 [hound (2)]
  4091 | D:4      | Reached XP level 6. HP: 8/47 MP: 10/10
  4091 | D:4      | Killed from afar by an orc wizard

Vault maps used:
D:1:      tarquinn_simple_flora_water_d
D:2:      grunt_ministairs_14
D:3:      first_ration
D:4:      nicolae_overflow_hidden_temple, minmay_temple_entry_butterflies,
          minmay_misc_feat_encased, supply_closet_lemuel, glass_columns_b,
          hex_large, minmay_misc_feat_more_columns

Skill      XL: |  1  2  3  4  5 |
---------------+----------------+-----
Invocations    | 1 |  1.9
Short Blades   | 1 |  1.6
Long Blades    | 1 |  1.6
Axes           | 1 |  1.6
Maces & Flails | 1 |  1.6
Polearms       | 1 |  1.6
Staves         | 1 |  1.6
Bows           | 1 |  1.6
Crossbows      | 1 |  1.6
Throwing       | 1 |  1.6
Armour         | 1 |  1.6
Stealth        | 1 |  1.6
Shields        | 1 |  1.6
Unarmed Combat | 1 |  1.6
Evocations     | 1 |  1.6
Spellcasting   | 3 |  3.2
Conjurations   | 1 |  1.3
Charms         | 1 |  1.3
Summonings     | 1 |  1.3
Necromancy     | 1 |  1.3
Translocations | 1 |  1.3
Transmutations | 1 |  1.3
Fire Magic     | 1 |  1.3
Ice Magic      | 1 |  1.3
Air Magic      | 1 |  1.3
Earth Magic    | 1 |  1.3
Poison Magic   | 1 |  1.3
Fighting       | 3 |  3.1
Slings         | |  4.8
Dodging        | |  4.8
Hexes          | |  5.6

Action                   |  1- 3 |  4- 6 || total
-------------------------+-------+-------++-------
Melee: Dagger            |   134 |   223 ||   357
       Bite              |     9 |    33 ||    42
       Whip              |       |    29 ||    29
 Fire: Hunting sling     |    24 |    40 ||    64
Throw: Stone             |       |     3 ||     3
  Use: Potion            |       |     1 ||     1
       Scroll            |       |     6 ||     6
 Stab: Sleeping          |     2 |     3 ||     5
  Eat: Chunk             |     2 |     6 ||     8
       Ration            |       |     2 ||     2
Armor: Robe              |    15 |    27 ||    42
Dodge: Dodged            |    81 |   168 ||   249
Block: Buckler           |    18 |    37 ||    55

Table legend:
 A = Spawn XP
 B = Non-spawn XP
 C = Spawn XP percentage of total XP
 D = Spawn monster count
 E = Non-spawn monster count
 F = Spawn count percentage of total count
 G = Total turns spent on level
                    A         B        C        D         E        F      G
               +---------+---------+-------+---------+---------+-------+---------
         Total |       0 |     320 |   0.0 |       0 |      77 |   0.0 |  4091
               +---------+---------+-------+---------+---------+-------+---------
           D:1 |       0 |      61 |   0.0 |       0 |      29 |   0.0 |  1325
           D:2 |       0 |     127 |   0.0 |       0 |      27 |   0.0 |  1551
           D:3 |       0 |      32 |   0.0 |       0 |      13 |   0.0 |   324
           D:4 |       0 |     100 |   0.0 |       0 |       8 |   0.0 |   891
               +---------+---------+-------+---------+---------+-------+---------
